 Dungeon Crawl Stone Soup version 0.19.1-1-g22dce08 (webtiles) character file.

485 Alarkh the Caller (level 6, -2/41 HPs)
             Began as a Mummy Summoner on Jan 9, 2017.
             Slain by a sky beast (6 damage)
             ... on level 4 of the Dungeon.
             The game lasted 00:07:33 (3751 turns).

Alarkh the Caller (Mummy Summoner)                  Turns: 3751, Time: 00:07:34

Health: -2/41      AC:  6    Str: 11    XL:     6   Next: 88%
Magic:  11/13      EV: 12    Int: 17    God:
Gold:   141        SH:  0    Dex: 12    Spells: 4 memorised, 3 levels left

rFire  x . .     SeeInvis .     a - +0 trident
rCold  + . .     Gourm    .     l - +0 robe
rNeg   + + +     Faith    .     (no shield)
rPois  ∞         Spirit   .     (no helmet)
rElec  .         Reflect  .     (no cloak)
rCorr  .         Harm     .     (no gloves)
MR     .....                    f - +2 pair of boots
Stlth  +++.......               (no amulet)
                                p - +1 ring of protection
                                d - ring of stealth

@: very slightly contaminated
A: no food or potions, fire vulnerability, cold resistance 1, negative energy
resistance 3, torment resistance, unbreathing
a: no special abilities


You were on level 4 of the Dungeon.
You were not hungry.

You visited 1 branch of the dungeon, and saw 5 of its levels.

You collected 141 gold pieces.

Inventory:

Hand Weapons
 a - a +0 trident (weapon)
 c - a +0 mace
Armour
 f - a +2 pair of boots (worn)
 l - a +0 robe (worn)
Jewellery
 d - a ring of stealth (left hand)
 p - a +1 ring of protection (right hand)
Scrolls
 e - a scroll of identify
 g - a scroll of enchant armour
 h - 4 scrolls of noise
 i - 3 scrolls of teleportation
 j - a scroll of amnesia
 k - a scroll of recharging
 m - a scroll of enchant weapon
 n - a scroll of magic mapping {unknown}
 o - a scroll of fear {unknown}
Books
 b - a book of Callings

   Spells                             Type                      Level
   a - Summon Small Mammal            Summoning                    1
   b - Call Imp                       Summoning                    2
   c - Call Canine Familiar           Summoning                    3
   d - Summon Guardian Golem          Hexes/Summoning              3
   e - Summon Lightning Spire         Summoning/Air                4
   f - Summon Ice Beast               Ice/Summoning                4


   Skills:
 - Level 1.5 Dodging
 - Level 1.5 Stealth
 + Level 4.9 Spellcasting
 + Level 5.4 Summonings


You had 3 spell levels left.
You knew the following spells:

 Your Spells              Type           Power        Failure   Level  Hunger
a - Call Canine Familiar  Summ           ###.....     6%          3    N/A
b - Summon Small Mammal   Summ           ###.         1%          1    N/A
c - Summon Guardian Gole  Hex/Summ       ##......     17%         3    N/A
d - Summon Ice Beast      Ice/Summ       ##......     58%         4    N/A

Dungeon Overview and Level Annotations

Branches:
Dungeon (5/15)
 Temple: D:4-7

Altars:

Shops:
D:4 ?


Innate Abilities, Weirdness & Mutations

You do not eat or drink.
Your flesh is vulnerable to fire.
You are immune to poison.
Your flesh is cold resistant. (rC+)
You are immune to negative energy. (rN+++)
You are immune to unholy pain and torment.
You can survive without breathing.


Message History

Deactivating autopickup; reactivate with Ctrl-A.
Your hound bites something.
Something hits your hound. Something shocks your hound.
Your hound barely misses something.
Something closely misses your hound.
Your hound bites something.
Your hound closely misses something.
Something hits your hound. Something shocks your hound.
Casting: Call Canine Familiar
Confirm with . or Enter, or press ? or * to list all spells.
You miscast Call Canine Familiar.
You are very lightly contaminated with residual magic.
A fistful of eyes flickers past your view.
Your hound closely misses something.
Something hits your hound. Something shocks your hound.
Your hound dies!
Your hound's corpse disappears in a puff of smoke!
Something hits you.
* * * LOW HITPOINT WARNING * * *
Something shocks you.
You die...

#.....>.# #.....# #
#####...# ##.##.###### #####
#.#.### #.##....... #...#
#.#...# #.#######.. #...#
#.###.# #.# ##.# #...#
#.###.## #.# ####..# #...###
#..##..###.###.....#
#.....####.###.#...##......#
#...#......@.#...#.........#
#......###.#...≈.........#.#
#...##.# #.####..#....#.....
#...##.###.####.....(.#.....
#...##..##.##...............
#######..#.##.h.............
#.....#...##....!..........
#.....##...................
#.....##........<..........


There were no monsters in sight!

Vanquished Creatures
  A hound (D:4)
  2 orc wizards
  A worker ant (D:4)
  An adder (D:2)
  A shadow imp (D:5)
  A dart slug (D:1)
  4 leopard geckos
  2 orcs (D:3)
  2 giant cockroaches
  3 goblins
  6 hobgoblins
  A ball python skeleton (D:4)
  2 bats
  6 frilled lizards
  2 kobolds
  2 rats
37 creatures vanquished.

Vanquished Creatures (collateral kills)
  The ghost of Atlantean the Shield-Bearer, an amateur GrFi of Okawaru (D:3)
  A phantom (D:5)
  A scorpion (D:4)
  An orc priest (D:3)
  A hound (D:4)
  Ijyb (D:1)
  Terence (D:3)
  Natasha (D:3)
  A hound skeleton (D:4)
  3 adders
  An adder skeleton (D:4)
  8 worms
  2 dart slugs
  A leopard gecko (D:4)
  8 orcs
  A giant cockroach (D:2)
  3 goblins
  8 hobgoblins
  A ball python (D:3)
  4 bats
  2 frilled lizards
  2 kobolds
  2 rats
55 creatures vanquished.

Grand Total: 92 creatures vanquished

Notes
Turn   | Place    | Note
-------+----------+-------------------------------------------
     0 | D:1      | Alarkh the Mummy Summoner began the quest for the Orb.
     0 | D:1      | Reached XP level 1. HP: 13/13 MP: 3/3
   411 | D:1      | Reached XP level 2. HP: 14/19 MP: 1/5
   870 | D:2      | Noticed Ijyb
   923 | D:1      | Killed Ijyb
   923 | D:1      | Reached XP level 3. HP: 9/24 MP: 0/7
   928 | D:1      | Learned a level 3 spell: Call Canine Familiar
   932 | D:1      | Learned a level 3 spell: Summon Guardian Golem
  1355 | D:2      | Reached skill level 4 in Summonings
  1557 | D:2      | Reached XP level 4. HP: 28/30 MP: 2/8
  2209 | D:3      | Noticed Natasha
  2215 | D:3      | Killed Natasha
  2289 | D:3      | Noticed Atlantean's ghost (amateur GrFi)
  2305 | D:3      | Noticed Terence
  2308 | D:3      | Found a faded altar of an unknown god.
  2333 | D:3      | Reached XP level 5. HP: 34/35 MP: 6/10
  2345 | D:3      | Killed Terence
  2697 | D:3      | Killed Atlantean's ghost
  3151 | D:4      | Reached XP level 6. HP: 41/41 MP: 8/12
  3200 | D:4      | Reached skill level 5 in Summonings
  3206 | D:4      | Learned a level 4 spell: Summon Ice Beast
  3323 | D:4      | Found Vulyiphocoekk's Magic Scroll Shoppe.
  3612 | D:5      | Entered Level 5 of the Dungeon
  3706 | D:4      | Noticed a sky beast
  3712 | D:4      | HP: 1/41 [sky beast (5)]
  3751 | D:4      | Slain by a sky beast

Skill      XL: |  1  2  3  4  5  6 |
---------------+-------------------+-----
Summonings     | 4 5 |  5.4
Spellcasting   | 3 4 |  4.9
Dodging        | |  1.5
Stealth        | |  1.5

Action                   |  1- 3 |  4- 6 || total
-------------------------+-------+-------++-------
Melee: Mace              |    78 |    51 ||   129
       Trident           |       |   128 ||   128
 Cast: Summon Small Mamm |    23 |     1 ||    24
       Call Canine Famil |     9 |    33 ||    42
       Summon Guardian G |       |     2 ||     2
  Use: Scroll            |       |     7 ||     7
 Stab: Distracted        |     1 |     2 ||     3
       Sleeping          |     6 |     3 ||     9
Armor: Robe              |    35 |    45 ||    80
Dodge: Dodged            |    69 |   129 ||   198
